HBL
NEW ORLEANS BRASS @ OMAHA STORM CHASERS
04/13/1997
 
TOP OF THE 1ST
New Orleans Brass batting - Pitching for Omaha Storm Chasers : RHP Mark Leiter
Pitching: RHP Mark Leiter
Batting: SHB Cecil Espy 0-0: Called Strike
0-1: Foul Ball, location: 2F
0-2: Ball
1-2: Ball
2-2: Fly out, F6 (Popup, 6M, EV 75.0 MPH)
Batting: SHB Ruben Sierra 0-0: Called Strike
0-1: SINGLE (Groundball, 56D, EV 96.9 MPH)
Batting: RHB Scott Brosius 0-0: Ball
1-0: Called Strike
1-1: Ball
2-1: Fielders Choice at 2nd, 1-4 (Groundball, 15S, EV 70.6 MPH)
Batting: SHB Jose Vidro 0-0: SINGLE (Groundball, 34D, EV 96.9 MPH)
Scott Brosius to second
Runner from 2nd tries for 3rd, SAFE, no throw by RF
Batting: RHB Dante Powell 0-0: Swinging Strike
0-1: Foul Ball, location: 2F
0-2: Foul Ball, location: 2F
0-2: Ball
1-2: Ball
2-2: Ball
3-2: Fly out, F8 (Line Drive, 8RM, EV 100.0 MPH)
Top of the 1st over - 0 runs, 2 hits, 0 errors, 2 left on base; New Orleans 0 - Omaha 0
BOTTOM OF THE 1ST
Omaha Storm Chasers batting - Pitching for New Orleans Brass : RHP Paul Wagner
Pitching: RHP Paul Wagner
Batting: RHB Roberto Mejia 0-0: Called Strike
0-1: Swinging Strike
0-2: Ball
1-2: Fly out, F9 (Line Drive, 9D, EV 87.5 MPH)
Batting: RHB Hensley Meulens 0-0: Called Strike
0-1: Fly out, F8 (Flyball, 8RD, EV 96.3 MPH)
Batting: RHB Matt Mieske 0-0: Called Strike
0-1: SINGLE (Line Drive, 34D, EV 96.3 MPH)
Batting: RHB Eduardo Perez 0-0: Foul Ball, location: 2F
0-1: Swinging Strike
0-2: Foul Ball, location: 2F
0-2: Strikes out swinging
Bottom of the 1st over - 0 runs, 1 hit, 0 errors, 1 left on base; New Orleans 0 - Omaha 0
TOP OF THE 2ND
New Orleans Brass batting - Pitching for Omaha Storm Chasers : RHP Mark Leiter
Batting: RHB Joe Oliver 0-0: Ball
1-0: Ball
2-0: Called Strike
2-1: Foul Ball, location: 2F
2-2: Strikes out looking
Batting: SHB Wilson Delgado 0-0: Ball
1-0: Ball
2-0: Ball
3-0: Base on Balls
Batting: LHB Greg Myers 0-0: Called Strike
0-1: Ball
1-1: Ball
2-1: Fly out, F9 (Flyball, 9S, EV 88.1 MPH)
Batting: LHB Bill Selby 0-0: Called Strike
0-1: Foul Ball, location: 2F
0-2: Ball
1-2: Ball
2-2: Strikes out swinging
Top of the 2nd over - 0 runs, 0 hits, 0 errors, 1 left on base; New Orleans 0 - Omaha 0
BOTTOM OF THE 2ND
Omaha Storm Chasers batting - Pitching for New Orleans Brass : RHP Paul Wagner
Batting: SHB Javier Valentin 0-0: Fly out, F4 (Popup, 4S, EV 78.1 MPH)
Batting: RHB Danny Clyburn 0-0: Called Strike
0-1: Ball
1-1: Called Strike
1-2: Ground out 4-3 (Groundball, 4, EV 105.6 MPH)
Batting: RHB Riccardo Ingram 0-0: Called Strike
0-1: Ball
1-1: Ball
2-1: Called Strike
2-2: Strikes out swinging
Bottom of the 2nd over - 0 runs, 0 hits, 0 errors, 0 left on base; New Orleans 0 - Omaha 0
TOP OF THE 3RD
New Orleans Brass batting - Pitching for Omaha Storm Chasers : RHP Mark Leiter
Batting: SHB Cecil Espy 0-0: Called Strike
0-1: Called Strike
0-2: Foul Ball, location: 2F
0-2: Ball
1-2: Strikes out swinging
Batting: SHB Ruben Sierra 0-0: Foul Ball, location: 2F
0-1: DOUBLE (Flyball, 78XD, EV 112.5 MPH)
Batting: RHB Scott Brosius 0-0: SINGLE (Groundball, 56D, EV 108.8 MPH)
Ruben Sierra to third
Batting: SHB Jose Vidro 0-0: Ball
1-0: Called Strike
1-1: Reached on error, E6 (Groundball, 56D, EV 103.8 MPH)
Ruben Sierra scores
Scott Brosius to third
Batting: RHB Dante Powell 0-0: Called Strike
0-1: Swinging Strike
0-2: SINGLE (Groundball, 56, EV 97.5 MPH)
Scott Brosius scores
Jose Vidro to third
Batting: RHB Joe Oliver 0-0: Ball
1-0: Swinging Strike
1-1: Swinging Strike
1-2: Ball
2-2: Strikes out looking
Batting: SHB Wilson Delgado 0-0: Called Strike
0-1: Ball
1-1: Ball
2-1: Foul Ball, location: 2F
2-2: Ball
3-2: SINGLE (Flyball, 7S, EV 95.6 MPH)
Jose Vidro scores
Dante Powell to second
Dante Powell to third
Batting: LHB Greg Myers 0-0: Ball
1-0: Ground out 5-3 (Groundball, 56S, EV 82.5 MPH)
Top of the 3rd over - 3 runs, 4 hits, 1 error, 2 left on base; New Orleans 3 - Omaha 0
BOTTOM OF THE 3RD
Omaha Storm Chasers batting - Pitching for New Orleans Brass : RHP Paul Wagner
Batting: RHB Henry Blanco 0-0: Ball
1-0: Fly out, F9 (Flyball, 89D, EV 89.4 MPH)
Batting: SHB Pablo Martinez 0-0: Ball
1-0: Swinging Strike
1-1: Swinging Strike
1-2: Fly out, F9 (Flyball, 9S, EV 83.1 MPH)
Batting: RHB Roberto Mejia 0-0: Fly out, F8 (Flyball, 8RXD, EV 90.0 MPH)
Bottom of the 3rd over - 0 runs, 0 hits, 0 errors, 0 left on base; New Orleans 3 - Omaha 0
TOP OF THE 4TH
New Orleans Brass batting - Pitching for Omaha Storm Chasers : RHP Mark Leiter
Batting: LHB Bill Selby 0-0: Ball
1-0: Ground out 5-3 (Groundball, 56S, EV 68.8 MPH)
Batting: SHB Cecil Espy 0-0: Ball
1-0: Ball
2-0: Called Strike
2-1: Foul Ball, location: 2F
2-2: Strikes out looking
Batting: SHB Ruben Sierra 0-0: Foul Ball, location: 2F
0-1: Foul Ball, location: 2F
0-2: Ground out 4-3 (Groundball, 34, EV 84.4 MPH)
Top of the 4th over - 0 runs, 0 hits, 0 errors, 0 left on base; New Orleans 3 - Omaha 0
BOTTOM OF THE 4TH
Omaha Storm Chasers batting - Pitching for New Orleans Brass : RHP Paul Wagner
Batting: RHB Hensley Meulens 0-0: Ball
1-0: Called Strike
1-1: Foul Ball, location: 2F
1-2: Ball
2-2: Foul Ball, location: 2F
2-2: Ball
3-2: Base on Balls
Batting: RHB Matt Mieske 0-0: Ball
1-0: Called Strike
1-1: Called Strike
1-2: Strikes out swinging
Batting: RHB Eduardo Perez 0-0: Ball
1-0: Foul Ball, location: 2F
1-1: Foul Ball, location: 2F
1-2: Ball
2-2: Ball
3-2: Strikes out looking
Batting: SHB Javier Valentin 0-0: Ball
1-0: Fly out, F6 (Popup, 56, EV 64.4 MPH)
Bottom of the 4th over - 0 runs, 0 hits, 0 errors, 1 left on base; New Orleans 3 - Omaha 0
TOP OF THE 5TH
New Orleans Brass batting - Pitching for Omaha Storm Chasers : RHP Mark Leiter
Batting: RHB Scott Brosius 0-0: Called Strike
0-1: Swinging Strike
0-2: Strikes out swinging
Batting: SHB Jose Vidro 0-0: Ball
1-0: Swinging Strike
1-1: Foul Ball, location: 2F
1-2: SINGLE (Groundball, 34S, EV 85.6 MPH) (infield hit)
Pitching: LHP Allen McDill
Batting: RHB Dante Powell 0-0: Called Strike
0-1: Foul Ball, location: 2F
0-2: Foul Ball, location: 2F
0-2: Ball
1-2: Foul Ball, location: 2F
1-2: Ball
2-2: SINGLE (Groundball, 4MD, EV 99.4 MPH)
Jose Vidro to second
Batting: RHB Joe Oliver 0-0: Ball
1-0: Ball
2-0: Grounds into double play, 5-4-3 (Groundball, 56, EV 78.1 MPH)
Top of the 5th over - 0 runs, 2 hits, 0 errors, 1 left on base; New Orleans 3 - Omaha 0
BOTTOM OF THE 5TH
Omaha Storm Chasers batting - Pitching for New Orleans Brass : RHP Paul Wagner
Batting: RHB Danny Clyburn 0-0: Foul Ball, location: 2F
0-1: Called Strike
0-2: Strikes out swinging
Batting: RHB Riccardo Ingram 0-0: Ball
1-0: Fly out, F9 (Line Drive, 9, EV 84.4 MPH)
Batting: RHB Henry Blanco 0-0: Ball
1-0: Swinging Strike
1-1: Ball
2-1: Ball
3-1: Foul Ball, location: 2F
3-2: Base on Balls
Batting: SHB Pablo Martinez 0-0: Called Strike
0-1: Foul Ball, location: 2F
0-2: Strikes out swinging
Bottom of the 5th over - 0 runs, 0 hits, 0 errors, 1 left on base; New Orleans 3 - Omaha 0
TOP OF THE 6TH
New Orleans Brass batting - Pitching for Omaha Storm Chasers : LHP Allen McDill
Batting: SHB Wilson Delgado 0-0: Ground out 6-3 (Groundball, 56, EV 86.9 MPH)
Batting: LHB Greg Myers 0-0: Ground out 4-3 (Groundball, 4, EV 87.5 MPH)
Batting: LHB Bill Selby 0-0: Ground out U3 (Groundball, 3, EV 91.9 MPH)
Top of the 6th over - 0 runs, 0 hits, 0 errors, 0 left on base; New Orleans 3 - Omaha 0
BOTTOM OF THE 6TH
Omaha Storm Chasers batting - Pitching for New Orleans Brass : RHP Paul Wagner
Batting: RHB Roberto Mejia 0-0: Ball
1-0: Ball
2-0: Called Strike
2-1: Foul Ball, location: 2F
2-2: SINGLE (Line Drive, 89S, EV 112.5 MPH)
Batting: RHB Hensley Meulens 0-0: Ball
1-0: Ball
2-0: Foul Ball, location: 2F
2-1: Foul Ball, location: 2F
2-2: Strikes out looking
Batting: RHB Matt Mieske 0-0: Ball
1-0: Foul Ball, location: 2F
1-1: Ball
2-1: Fly out, F3 (Popup, 34S, EV 61.3 MPH)
Batting: RHB Eduardo Perez 0-0: Called Strike
0-1: Ball
1-1: Foul Ball, location: 2F
1-2: SINGLE (Groundball, 6, EV 106.9 MPH) (infield hit)
Roberto Mejia to second
Batting: SHB Javier Valentin 0-0: Ball
1-0: Swinging Strike
1-1: Ball
2-1: Ball
3-1: Fly out, F9 (Flyball, 9, EV 89.4 MPH)
Bottom of the 6th over - 0 runs, 2 hits, 0 errors, 2 left on base; New Orleans 3 - Omaha 0
TOP OF THE 7TH
New Orleans Brass batting - Pitching for Omaha Storm Chasers : LHP Allen McDill
Batting: SHB Cecil Espy 0-0: SINGLE (Groundball, 4, EV 88.1 MPH) (infield hit)
Batting: SHB Ruben Sierra 0-0: Ball
1-0: Called Strike
1-1: Foul Ball, location: 2F
1-2: Strikes out swinging
Pitching: LHP Pat Gomez
Batting: RHB Scott Brosius 0-0: Ball
1-0: SINGLE (Groundball, 6MD, EV 106.3 MPH)
Cecil Espy to second
Runner from 2nd tries for 3rd, SAFE, no throw by CF
Batting: SHB Jose Vidro 0-0: Ball
1-0: Ball
2-0: Called Strike
2-1: SINGLE (Line Drive, 7S, EV 94.4 MPH)
Cecil Espy scores
Scott Brosius to second
Batting: RHB Dante Powell 0-0: Ball
1-0: Ball
2-0: Ball
3-0: Called Strike
3-1: Base on Balls
Scott Brosius to third
Jose Vidro to second
Batting: RHB Joe Oliver 0-0: Ball
1-0: Foul Ball, location: 2F
1-1: Foul Ball, location: 2F
1-2: Fly out, F7 (Flyball, 78M, EV 88.1 MPH)
Runner from 3rd tags up, SCORES, no throw by LF
Batting: SHB Wilson Delgado 0-0: Swinging Strike
0-1: Ball
1-1: SINGLE (Groundball, 4MD, EV 97.5 MPH)
Jose Vidro to third
Dante Powell to second
Runner from 3rd tries for Home, SAFE, throw by CF to home
Batting: LHB Greg Myers 0-0: Called Strike
0-1: Ball
1-1: Swinging Strike
1-2: Ball
2-2: Foul Ball, location: 2F
2-2: Strikes out swinging
Top of the 7th over - 3 runs, 4 hits, 0 errors, 2 left on base; New Orleans 6 - Omaha 0
BOTTOM OF THE 7TH
Omaha Storm Chasers batting - Pitching for New Orleans Brass : RHP Paul Wagner
Batting: RHB Danny Clyburn 0-0: Ball
1-0: Ball
2-0: Ball
3-0: Called Strike
3-1: Base on Balls
Batting: RHB Riccardo Ingram 0-0: Ball
1-0: Ball
2-0: Fly out, F8 (Flyball, 8RS, EV 82.5 MPH)
Batting: RHB Henry Blanco 0-0: Foul Ball, location: 2F
0-1: Ball
1-1: Fielders Choice at 2nd, 6-4 (Groundball, 56, EV 86.3 MPH)
Batting: SHB Pablo Martinez 0-0: Ball
1-0: Ground out 4-3 (Groundball, 4, EV 82.5 MPH)
Bottom of the 7th over - 0 runs, 0 hits, 0 errors, 1 left on base; New Orleans 6 - Omaha 0
TOP OF THE 8TH
New Orleans Brass batting - Pitching for Omaha Storm Chasers : LHP Pat Gomez
Batting: LHB Bill Selby 0-0: Ball
1-0: Ground out 4-3 (Groundball, 4, EV 83.8 MPH)
Batting: SHB Cecil Espy 0-0: Called Strike
0-1: Swinging Strike
0-2: Ball
1-2: Foul Ball, location: 2F
1-2: Strikes out looking
Batting: SHB Ruben Sierra 0-0: Called Strike
0-1: Swinging Strike
0-2: Ball
1-2: SINGLE (Flyball, 9S, EV 91.9 MPH)
Batting: RHB Scott Brosius 0-0: Called Strike
0-1: Called Strike
0-2: Ball
1-2: SINGLE (Line Drive, 34D, EV 98.1 MPH)
Ruben Sierra to second
Runner from 2nd tries for 3rd, SAFE, no throw by RF
Batting: SHB Jose Vidro 0-0: Fly out, F8 (Flyball, 8RS, EV 88.8 MPH)
Top of the 8th over - 0 runs, 2 hits, 0 errors, 2 left on base; New Orleans 6 - Omaha 0
BOTTOM OF THE 8TH
Omaha Storm Chasers batting - Pitching for New Orleans Brass : RHP Paul Wagner
Batting: RHB Roberto Mejia 0-0: Foul Ball, location: 2F
0-1: Swinging Strike
0-2: Strikes out swinging
Batting: RHB Hensley Meulens 0-0: Ball
1-0: Ball
2-0: Fly out, F8 (Flyball, 78M, EV 89.4 MPH)
Batting: RHB Matt Mieske 0-0: Fly out, F4 (Popup, 4S, EV 83.1 MPH)
Bottom of the 8th over - 0 runs, 0 hits, 0 errors, 0 left on base; New Orleans 6 - Omaha 0
TOP OF THE 9TH
New Orleans Brass batting - Pitching for Omaha Storm Chasers : LHP Pat Gomez
Pitching: LHP Tony J. Castillo
Batting: RHB Dante Powell 0-0: Called Strike
0-1: Called Strike
0-2: Ball
1-2: Ball
2-2: Ball
3-2: Strikes out swinging
Batting: RHB Joe Oliver 0-0: SINGLE (Groundball, 56D, EV 106.3 MPH)
Batting: SHB Wilson Delgado 0-0: Called Strike
0-1: Foul Ball, location: 2F
0-2: Fly out, F9 (Flyball, 9LS, EV 87.5 MPH)
Batting: LHB Greg Myers 0-0: Called Strike
0-1: Foul Ball, location: 2F
0-2: Ball
1-2: Strikes out looking
Top of the 9th over - 0 runs, 1 hit, 0 errors, 1 left on base; New Orleans 6 - Omaha 0
BOTTOM OF THE 9TH
Omaha Storm Chasers batting - Pitching for New Orleans Brass : RHP Paul Wagner
Batting: RHB Eduardo Perez 0-0: Ball
1-0: Ball
2-0: Called Strike
2-1: Ball
3-1: Foul Ball, location: 2F
3-2: Fly out, F8 (Flyball, 8LM, EV 90.6 MPH)
Pitching: RHP Jose Paniagua
Batting: SHB Javier Valentin 0-0: Called Strike
0-1: Called Strike
0-2: Fly out, F9 (Flyball, 9LDF, EV 103.8 MPH)
Batting: RHB Danny Clyburn 0-0: Ball
1-0: Swinging Strike
1-1: Called Strike
1-2: Ball
2-2: Ground out 4-3 (Groundball, 4M, EV 102.5 MPH)
Bottom of the 9th over - 0 runs, 0 hits, 0 errors, 0 left on base; New Orleans 6 - Omaha 0
Monday, January 26th, 2026 - OOTP Baseball 20.8 Build 74